 Dungeon Crawl Stone Soup version 0.30.1-9-gdf580d7c3d (webtiles) character file.

Game seed: 5959497720244958848

233 Ironcache the Digger (level 6, -1/36 HPs)
             Began as a Gargoyle Earth Elementalist on Oct 8, 2023.
             Slain by a scorpion (6 damage)
             ... on level 4 of the Dungeon.
             The game lasted 00:14:05 (2969 turns).

Ironcache the Digger (Gargoyle Earth Elementalist)  Turns: 2969, Time: 00:14:06

Health: -1/36      AC:  6    Str: 11    XL:     6   Next: 5%
Magic:  2/10       EV: 17    Int: 18    God:
Gold:   212        SH:  0    Dex: 10    Spells: 9/10 levels left

rFire   . . .        n - +1 short sword (vamp)
rCold   . . .        (no shield)
rNeg    + . .        a - +0 robe
rPois   ∞            (no helmet)
rElec   +            (no cloak)
rCorr   .            (no gloves)
SInv    .            (no boots)
Will    .....        (no amulet)
Stlth   ++           y - +5 ring of evasion
HPRegen 0.26/turn    (no ring)
MPRegen 0.12/turn

%: no passive effects
@: no status effects
A: sickness immunity, AC +4, negative energy resistance 1, electricity
resistance, torment resistance 1, petrification resistance
a: no special abilities


You were on level 4 of the Dungeon.
You visited 1 branch of the dungeon, and saw 4 of its levels.

You collected 212 gold pieces.

Inventory:

Hand Weapons
 f - a +0 short sword
 h - a +0 dagger
 n - a +1 vampiric short sword (weapon)
Armour
 a - a +0 robe (worn)
Jewellery
 y - a +5 ring of evasion (left hand)
Scrolls
 d - 3 scrolls of identify {unknown}
 e - 2 scrolls of poison {unknown}
 k - a scroll of blinking {unknown}
 l - a scroll of silence {unknown}
 p - 2 scrolls of fear {unknown}
 q - a scroll of noise {unknown}
 u - a scroll of magic mapping {unknown}
 v - a scroll of amnesia {unknown}
 w - a scroll of enchant weapon {unknown}
 x - a scroll of fog {unknown}
Potions
 b - 3 potions of magic
 c - a potion of attraction {unknown}
 g - 2 potions of might {unknown}
 i - 2 potions of heal wounds {unknown}
 j - a potion of degeneration {unknown}
 m - 3 potions of lignification {unknown}
 o - a potion of berserk rage {unknown}
 r - 2 potions of flight {unknown}
 s - a potion of mutation {unknown}
 t - 2 potions of curing {unknown}


   Skills:
 + Level 2.3 Fighting
 + Level 2.4 Dodging
 - Level 3.0 Stealth
 + Level 2.9 Spellcasting
 + Level 1.3 Conjurations
 - Level 1.0 Transmutations
 * Level 5.1 Earth Magic


You had 9 spell levels left.
You knew the following spells:

 Your Spells              Type           Power      Damage    Failure   Level
a - Sandblast             Erth           42%        2d11      1%          1

Your spell library contained the following spells:

 Spells                   Type           Power      Damage    Failure   Level
 Passwall                 Tmut/Erth      10%        N/A       7%          2
 Magic Dart               Conj           28%        1d4       10%         1
 Stone Arrow              Conj/Erth      28%        3d8       13%         3
 Call Imp                 Summ           4%         N/A       26%         2
 Mephitic Cloud           Conj/Pois/Air  4%         N/A       38%         3
 Petrify                  Tmut/Erth      13%        N/A       43%         4
 Chain Lightning          Conj/Air       2%         3d3       100%        9
 Fire Storm               Conj/Fire      2%         8d1       100%        9
 Shatter                  Erth           10%        3d12*     100%        9


Dungeon Overview and Level Annotations

Branches:
Dungeon (4/15)
 Temple: D:4-7

Altars:

Shops:
D:4 :**


Innate Abilities, Weirdness & Mutations

You are immune to sickness and miasma.
Your stone body is resilient. (AC +4)
You are immune to poison.
You resist negative energy. (rN+)
You are resistant to electric shocks. (rElec)
You are resistant to unholy torment.
You are immune to petrification.


Message History

The blast of sand hits the goblin!
You kill the goblin!
The gnoll sergeant shouts!
A scorpion comes into view.
Casting: Sandblast (safe; 1% risk of failure)
Confirm with . or Enter, or press ? or * to list all spells.
Aiming: Sandblast (safe; 1% risk of failure)
Press: ? - help, Shift-Dir - straight line, f - gnoll sergeant
Aim: a gnoll sergeant, wielding a +2 spear of flaming and wearing a +0 ring mail (87% to hit)
The blast of sand hits the gnoll sergeant but does no damage.
Casting: Sandblast (safe; 1% risk of failure)
Confirm with . or Enter, or press ? or * to list all spells.
Aiming: Sandblast (safe; 1% risk of failure)
Press: ? - help, Shift-Dir - straight line, f/p - gnoll sergeant
Aim: a gnoll sergeant, wielding a +2 spear of flaming and wearing a +0 ring mail (87% to hit)
The blast of sand hits the gnoll sergeant but does no damage.
An adder comes into view.
The gnoll sergeant hits you from afar with a +2 spear of flaming!
The gnoll sergeant burns you.
The adder moves out of view.
Casting: Sandblast (safe; 1% risk of failure)
Confirm with . or Enter, or press ? or * to list all spells.
Aiming: Sandblast (safe; 1% risk of failure)
Press: ? - help, Shift-Dir - straight line, f/p - gnoll sergeant
Aim: a gnoll sergeant, wielding a +2 spear of flaming and wearing a +0 ring mail (87% to hit)
The blast of sand hits the gnoll sergeant but does no damage.
The gnoll sergeant hits you from afar with a +2 spear of flaming!
The gnoll sergeant burns you. The scorpion closely misses you.
Casting: Sandblast (safe; 1% risk of failure)
Confirm with . or Enter, or press ? or * to list all spells.
Aiming: Sandblast (safe; 1% risk of failure)
Press: ? - help, Shift-Dir - straight line, f/p - gnoll sergeant
Aim: a gnoll sergeant, wielding a +2 spear of flaming and wearing a +0 ring mail (87% to hit)
The blast of sand hits the scorpion!
The scorpion is moderately wounded.
The gnoll sergeant hits you from afar with a +2 spear of flaming.
* * * LOW HITPOINT WARNING * * *
The gnoll sergeant burns you.
* * * LOW HITPOINT WARNING * * *
The scorpion stings you.
You die...

#.......... #. #. #(#
#...#######
##.##.##.#####...###...#
.........#........#.....
.........#........#.....
.........#........#....#
.........#........+....#
...).....#........#.....
....)gs@..........#.....
...##..................#
#################### # #


You could see a gnoll sergeant and a scorpion.

Vanquished Creatures
  A howler monkey (D:4)
  A jelly (D:3)
  An iguana (D:3)
  6 adders
  3 worms
  3 dart slugs
  6 orcs
  8 endoplasms
  4 giant cockroaches
  5 goblins
  3 hobgoblins
  7 kobolds
  2 quokkas
  5 ball pythons
  7 bats
  4 frilled lizards
  3 rats (D:1)
69 creatures vanquished.

Notes
Turn   | Place    | Note
-------+----------+-------------------------------------------
     0 | D:1      | Ironcache the Gargoyle Earth Elementalist began the quest
                  | for the Orb.
     0 | D:1      | Reached XP level 1. HP: 10/10 MP: 3/3
   182 | D:1      | Reached XP level 2. HP: 16/16 MP: 0/5
   264 | D:1      | Reached skill level 1 in Transmutations
   719 | D:2      | Reached skill level 1 in Fighting
   719 | D:2      | Reached XP level 3. HP: 19/20 MP: 2/6
   944 | D:2      | Reached skill level 4 in Earth Magic
  1232 | D:2      | Reached XP level 4. HP: 25/25 MP: 4/7
  1899 | D:3      | Reached XP level 5. HP: 30/30 MP: 6/8
  2503 | D:4      | Reached skill level 1 in Conjurations
  2594 | D:4      | Found Mewiufic's Book Emporium.
  2681 | D:4      | Found Fusk's Specific Store.
  2686 | D:4      | Found Juonkug's General Store.
  2891 | D:4      | Reached skill level 5 in Earth Magic
  2891 | D:4      | Reached XP level 6. HP: 36/36 MP: 6/10
  2969 | D:4      | Slain by a scorpion

Illustrated notes

Levels and vault maps discovered:
D:1:      sevenhm_arrival_forest_fort_small_1, layout_rooms
D:2:      minmay_angry_zag, layout_basic
D:3:      layout_loops_corners, minmay_cut_off
D:4:      layout_gridville, serial_shops, nicolae_lakefront_shop,
          nicolae_specific_store, minmay_manual_mess

Skill      XL: |  1  2  3  4  5 |
---------------+----------------+-----
Transmutations | 1 |  1.0
Fighting       | 1 2 |  2.3
Earth Magic    | 4 5 |  5.1
Dodging        | 2 |  2.4
Stealth        | 3 |  3.0
Conjurations   | 1 |  1.3
Spellcasting   | |  2.9

Action                     |  1- 3 |  4- 6 || total
---------------------------+-------+-------++-------
  Melee: Unarmed           |    12 |       ||    12
         Short sword       |    11 |    19 ||    30
         Punch             |       |     1 ||     1
   Cast: Sandblast         |    52 |    48 ||   100
 Armour: Robe              |     7 |     5 ||    12
  Dodge: Dodged            |    14 |    12 ||    26
